 Dungeon Crawl Stone Soup version 0.20-a0-539-g174d061 (webtiles) character file.

165 MirrMurr the Cutter (level 5, -3/40 HPs)
             Began as a Spriggan Berserker on Jan 29, 2017.
             Was a Believer of Trog.
             Killed by nerve-wracking pain
             ... invoked by Grinder
              (12 damage)
             ... on level 4 of the Dungeon.
             The game lasted 00:10:05 (3476 turns).

MirrMurr the Cutter (Spriggan Berserker)            Turns: 3476, Time: 00:10:06

Health: -3/40      AC:  2    Str: 18    XL:     5   Next: 22%
Magic:  6/6        EV: 20    Int:  9    God:    Trog [**....]
Gold:   190        SH:  0    Dex: 16    Spells: 4/4 levels left

rFire    . . .     SeeInvis +   a - +0 short sword
rCold    . . .     Gourm    .   o - +0 animal skin
rNeg     . . .     Faith    .   (shield restricted)
rPois    .         Spirit   .   (helmet restricted)
rElec    .         Reflect  .   (no cloak)
rCorr    .         Harm     .   (gloves unavailable)
MR       .....                  (boots unavailable)
Stlth    ..........             (no amulet)
Regen    0.2/turn               (no ring)
                                (no ring)

@: berserking, very quick
A: unfitting armour, see invisible, herbivore 3, speed 3, slow metabolism 2
a: Berserk, Trog's Hand, Burn Spellbooks, Renounce Religion


You were on level 4 of the Dungeon.
You worshipped Trog.
Trog was pleased with you.
You were hungry.

You visited 2 branches of the dungeon, and saw 5 of its levels.

You collected 190 gold pieces.

Inventory:

Hand Weapons
 a - a +0 short sword (weapon)
 b - a +0 hunting sling of freezing
Missiles
 e - 92 stones (quivered)
 n - 46 sling bullets
 q - 39 poisoned needles
Armour
 o - a +0 animal skin (worn)
Jewellery
 g - an uncursed ring of flight {unknown}
 s - an uncursed amulet of magic regeneration
 w - an uncursed ring of protection from fire {unknown}
 x - an uncursed ring of fire {unknown}
Wands
 z - a wand of iceblast (10/15)
Scrolls
 f - a scroll of teleportation
 p - a scroll of blinking
 y - a scroll of recharging
Potions
 d - a potion of magic
 h - a potion of berserk rage
 i - a potion of beneficial mutation {unknown}
 j - 2 potions of flight {unknown}
 k - a potion of haste {unknown}
 l - a potion of brilliance {unknown}
 m - 2 potions of heal wounds {unknown}
 r - 2 potions of curing {unknown}
 t - a potion of cure mutation {unknown}
 u - a potion of cancellation {unknown}
 v - a potion of ambrosia {unknown}
Comestibles
 c - 2 bread rations
 B - 3 fruits


   Skills:
 - Level 2.4 Fighting
 - Level 5.0 Short Blades
 * Level 4.0 Slings
 + Level 4.8 Dodging


You had 4 spell levels left.
You didn't know any spells.

Dungeon Overview and Level Annotations

Branches:
Dungeon (4/15)             Temple (1/1) D:4

Altars:
Nemelex Xobeh
Yredelemnul

Annotations:
D:4 Grinder


Innate Abilities, Weirdness & Mutations

You are very small and have problems with some larger weapons.
You are too small for most types of armour.
You have supernaturally acute eyesight. (SInv)
You are a herbivore.
You cover ground extremely quickly.
You need consume almost no food.


Message History

Aim: Grinder (lightly wounded)
You shoot a stone. The stone barely misses Grinder.
Your +0 hunting sling of freezing stops glowing.
a - a +0 short sword (weapon)
Grinder hits you!
You writhe in agony.
A red film seems to cover your vision as you go berserk!
You feel yourself moving faster!
You feel mighty!
You are feeling hungry.
Grinder hits you!
* * * LOW HITPOINT WARNING * * *
You puncture Grinder!
Grinder is heavily wounded.
Grinder closely misses you.
You puncture Grinder!
Grinder is severely wounded.
You puncture Grinder!
Grinder is almost dead.
Grinder gestures at you. Pain shoots through your body!
You die...

.... ##
...#################
...........<.......# #.##
#....#.####.#####.#
##....##.(..#.#...........
..............>.##.######.
.#....##..#.#...#......<..
#..........#.########.###
#.#.####@###......#......
#...(.(5..........#.#.###
((#(###.##......"#.#....
#.##..........##..
#.##......##..[...
#.............#...
#.##.....#########
#†###.###........#
#.###)............


You could see Grinder.

Vanquished Creatures
  A howler monkey (D:4)
  Ijyb (D:3)
  3 adders
  3 oozes
  An adder zombie (D:4)
  2 worms (D:3)
  A dart slug (D:2)
  2 leopard geckos
  An orc (D:3)
  7 bats
  4 giant cockroaches (D:1)
  7 goblins
  5 hobgoblins
  A quokka (D:4)
  4 frilled lizards
  7 kobolds
  A quokka skeleton (D:4)
51 creatures vanquished.

Notes
Turn   | Place    | Note
-------+----------+-------------------------------------------
     0 | D:1      | MirrMurr the Spriggan Berserker began the quest for the Orb.
     0 | D:1      | Reached XP level 1. HP: 11/11 MP: 2/2
   151 | D:1      | Reached XP level 2. HP: 11/16 MP: 3/3
   167 | D:1      | Reached skill level 4 in Short Blades
   749 | D:2      | Reached XP level 3. HP: 19/19 MP: 4/4
  1021 | D:2      | Reached skill level 1 in Slings
  1090 | D:2      | Reached ** piety under Trog
  2053 | D:3      | Found a basalt altar of Yredelemnul.
  2140 | D:3      | Reached XP level 4. HP: 11/23 MP: 5/5
  2691 | D:3      | Noticed Ijyb
  2707 | D:3      | Killed Ijyb
  2707 | D:3      | Reached skill level 5 in Short Blades
  3147 | D:3      | Noticed a bullfrog
  3258 | D:4      | Found a staircase to the Ecumenical Temple.
  3265 | Temple   | Entered the Ecumenical Temple
  3366 | D:4      | Reached XP level 5. HP: 27/27 MP: 6/6
  3464 | D:4      | Noticed Grinder
  3476 | D:4      | Killed from afar by Grinder

Vault maps used:
D:1:      lightli_arrival_flooded_house
D:3:      old_standard_altar, first_bread, uniq_iyjb
D:4:      chequers_temple_overflow_minitemple, minmay_temple_entry_nine_rooms,
          grunt_ministairs_15, uniq_grinder, uniq_blork_the_orc,
          uniq_crazy_yiuf_cottage
Temple:   dshaligram_water_room_temple

Skill      XL: |  1  2  3  4  5 |
---------------+----------------+-----
Short Blades   | 4 5 |  5.0
Slings         | 2 3 4 |  4.0
Fighting       | |  2.4
Dodging        | |  4.8

Action                   |  1- 3 |  4- 6 || total
-------------------------+-------+-------++-------
Melee: Short sword       |    70 |    15 ||    85
 Fire: Hunting sling     |    89 |   107 ||   196
Invok: Berserk           |       |     1 ||     1
  Use: Scroll            |     8 |     3 ||    11
 Stab: Sleeping          |     1 |       ||     1
Armor: Animal skin       |     7 |     4 ||    11
Dodge: Dodged            |    83 |    37 ||   120
